 Dungeon Crawl Stone Soup version 0.16-a0-3246-g12054e0 (webtiles) character file.

11634 Ololoev the Bludgeoner (level 11, -3/109 HPs)
             Began as an Ogre Hunter on Dec 22, 2014.
             Was a High Priest of Okawaru.
             Slain by a death yak (17 damage)
             ... in an ice cave.
             The game lasted 00:41:06 (15695 turns).

Ololoev the Bludgeoner (Ogre Hunter)               Turns: 15695, Time: 00:41:07

Health: -3/109     AC: 11    Str: 23    XL:     11   Next: 80%
Magic:  21/21      EV: 15    Int: 13    God:    Okawaru [*****.]
Gold:   351        SH:  0    Dex: 12    Spells: 2 memorised, 4 levels left

rFire  + . .     SeeInvis .     k - +5 morningstar (protect)
rCold  + . .     Clarity  +     E - troll hide {Purgy}
rNeg   . . .     SustAb   .     (shield restricted)
rPois  .         Gourm    +     b - +0 hat {Int+3}
rElec  .         Spirit   .     u - +2 cloak
rCorr  .         Warding  .     (gloves unavailable)
rMut   .         Stasis   .     (boots unavailable)
MR     +....                    C - amulet of Lady Luck {Gourm Contam +Rage rF+ rC+}
Stlth  +.........               x - +4 ring of evasion
                                A - +3 ring of strength

@: somewhat resistant to hostile enchantments, very unstealthy
A: unfitting armour, clarity, tough skin 1
a: Heroism, Finesse, Renounce Religion, Evoke Berserk Rage


You were in an ice cave.
You worshipped Okawaru.
Okawaru was extremely pleased with you.
You were very full.

You visited 2 branches of the dungeon, and saw 12 of its levels.
You also visited: Sewer and Ice Cave.

You collected 721 gold pieces.
You spent 370 gold pieces at shops.

Notes
Turn   | Place    | Note
--------------------------------------------------------------
     0 | D:1      | Ololoev, the Ogre Hunter, began the quest for the Orb.
     0 | D:1      | Reached XP level 1. HP: 22/22 MP: 1/1
   196 | D:1      | Reached XP level 2. HP: 27/29 MP: 2/2
   209 | D:1      | Reached skill level 1 in Maces & Flails
   842 | D:1      | Reached XP level 3. HP: 28/36 MP: 3/3
  1636 | D:2      | Noticed Jessica
  1643 | D:2      | Killed Jessica
  1643 | D:2      | Reached XP level 4. HP: 30/44 MP: 4/4
  1746 | D:2      | Found a basalt altar of Yredelemnul.
  2001 | D:2      | Noticed Robin
  2039 | D:2      | Killed Robin
  2042 | D:2      | Reached skill level 5 in Maces & Flails
  2398 | D:2      | HP: 2/44 [goblin (3)]
  2400 | D:2      | Reached XP level 5. HP: 12/50 MP: 2/5
  3133 | D:3      | Reached skill level 6 in Maces & Flails
  3134 | D:3      | Noticed Ijyb
  3137 | D:3      | Killed Ijyb
  3364 | D:3      | Found a deep blue altar of Sif Muna.
  3375 | D:3      | Found a shadowy altar of Dithmenos.
  3376 | D:3      | Found a blossoming altar of Fedhas.
  3535 | D:3      | Reached XP level 6. HP: 37/59 MP: 6/6
  3988 | D:3      | Reached skill level 7 in Maces & Flails
  5206 | D:4      | Reached skill level 8 in Maces & Flails
  5649 | D:4      | Reached XP level 7. HP: 48/66 MP: 7/7
  5854 | D:5      | Entered Level 5 of the Dungeon
  5887 | D:5      | Reached skill level 9 in Maces & Flails
  5897 | D:5      | Found Teacub's Food Shop.
  6262 | D:5      | Found Mnymi's Food Shoppe.
  6282 | D:5      | Found Daanoxom's Gadget Shoppe.
  6309 | D:5      | Got a transparent granite ring
  6311 | D:5      | Identified the ring "Pyemay" {Str+3 Int+4 Stlth+} (You found it on level 5 of the Dungeon)
  6444 | D:5      | Reached skill level 10 in Maces & Flails
  7328 | D:6      | Found a burning altar of Makhleb.
  7352 | D:6      | Reached skill level 11 in Maces & Flails
  7352 | D:6      | Reached XP level 8. HP: 72/74 MP: 8/8
  7492 | D:6      | Found a staircase to the Ecumenical Temple.
  7501 | Temple   | Entered the Ecumenical Temple
  7509 | Temple   | Became a worshipper of Warmaster Okawaru
  7555 | D:6      | Reached skill level 12 in Maces & Flails
  7577 | D:6      | Got a twitching lead amulet
  7584 | D:6      | Identified the amulet of Lady Luck {Gourm Contam +Rage rF+ rC+} (You found it on level 6 of the Dungeon)
  7663 | D:6      | Found a glowing drain.
  7668 | Sewer    | Entered a sewer
  7997 | Sewer    | Noticed Purgy
  8015 | Sewer    | Killed Purgy
  8806 | D:6      | Reached skill level 5 in Throwing
  9261 | D:6      | Reached skill level 1 in Armour
  9261 | D:6      | Reached skill level 1 in Evocations
  9265 | D:6      | Gained mutation: You possess an exceptional clarity of mind. [mutagenic meat]
  9281 | D:6      | Found Stawnof's Weapon Shop.
  9629 | D:7      | Reached XP level 9. HP: 69/83 MP: 11/11
  9726 | D:7      | Found Zoelar Egoch's Assorted Antiques.
  9771 | D:7      | Bought a scroll of identify for 54 gold pieces
  9771 | D:7      | Bought a scroll labeled UVITAA LYS WOL for 27 gold pieces
  9771 | D:7      | Bought a scroll of identify for 54 gold pieces
  9830 | D:7      | Acquired Okawaru's first power
 10245 | D:7      | Found Gotwablo's Weapon Shoppe.
 10296 | D:7      | Bought a +2 morningstar of protection for 235 gold pieces
 10554 | D:7      | Found Ochic's Armour Boutique.
 10674 | D:7      | Reached skill level 13 in Maces & Flails
 10733 | D:7      | Found Vaucac's Distillery.
 10915 | D:8      | Found a white marble altar of Elyvilon.
 11048 | D:8      | Found a glowing silver altar of Zin.
 11533 | D:8      | Reached skill level 5 in Fighting
 11917 | D:8      | Reached XP level 10. HP: 96/96 MP: 16/16
 12547 | D:9      | Learned a level 4 spell: Condensation Shield
 12571 | D:9      | Found a staircase to the Lair.
 12793 | D:9      | Learned a level 2 spell: Swiftness
 12921 | D:10     | Entered Level 10 of the Dungeon
 13046 | D:10     | Reached skill level 5 in Evocations
 13184 | D:10     | Reached skill level 14 in Maces & Flails
 13312 | D:10     | Noticed Psyche
 13318 | D:10     | Killed Psyche
 13352 | D:10     | Noticed a hill giant
 13360 | D:10     | Killed a hill giant
 13906 | D:10     | Noticed a hill giant
 13927 | D:10     | Killed a hill giant
 13927 | D:10     | Received a gift from Okawaru
 13927 | D:10     | Reached XP level 11. HP: 65/107 MP: 18/20
 14158 | D:10     | Found a staircase to the Orcish Mines.
 14389 | D:11     | Found a frozen archway.
 14510 | IceCv    | Entered an ice cave
 14968 | IceCv    | Reached skill level 5 in Dodging
 14984 | IceCv    | Received a gift from Okawaru
 15329 | IceCv    | Identified a scroll of acquirement
 15384 | IceCv    | Acquired Okawaru's second power
 15384 | IceCv    | Received a gift from Okawaru
 15384 | IceCv    | Reached skill level 15 in Maces & Flails
 15548 | IceCv    | Noticed a death yak
 15563 | IceCv    | Killed a death yak
 15665 | IceCv    | Noticed a death yak
 15665 | IceCv    | Noticed a death yak
 15684 | IceCv    | Killed a death yak
 15695 | IceCv    | Slain by a death yak

Inventory:

Hand weapons
 k - a +5 morningstar of protection (weapon)
Missiles
 c - a throwing net
 B - 9 large rocks (quivered)
Armour
 b - a +0 hat of intelligence (worn)
 u - a +2 cloak (worn)
 E - a troll hide (worn) {Purgy}
Jewellery
 x - a +4 ring of evasion (right hand)
 A - a +3 ring of strength (left hand)
 C - the amulet of Lady Luck (around neck) {Gourm Contam +Rage rF+ rC+}
   (You found it on level 6 of the Dungeon)

   [amulet of the gourmand]

   It allows you to eat raw meat even when not hungry.
   It protects you from fire.
   It protects you from cold.
   It lets you go berserk.
   It causes magical contamination when unequipped.
Magical devices
 r - a wand of magic darts (11)
 H - a wand of confusion (17)
Scrolls
 i - 3 scrolls of recharging
 j - 2 scrolls of blinking
 l - 6 scrolls of identify
 s - 3 scrolls of teleportation
 w - 2 scrolls of remove curse
 y - 5 scrolls of fear
Potions
 a - 3 potions of curing
 e - 3 potions of cancellation {unknown}
 g - a potion of degeneration {unknown}
 h - a potion of heal wounds
 p - a potion of resistance {unknown}
 D - a potion of cure mutation
 F - 5 potions of restore abilities {unknown}
 I - a potion of haste {unknown}
Comestibles
 f - 3 meat rations
 n - a beef jerky
 q - 2 slices of pizza
 t - 6 fruits
 v - 7 bread rations
 z - 10 royal jellies

Table legend:
 A = Turns spent in this place as a percentage of turns spent in the entire game.
 B = Non-inter-level travel turns spent in this place as a percentage of non-inter-level travel turns spent in the entire game.
 C = Inter-level travel turns spent in this place as a percentage of turns spent in this place.
 D = Turns resting spent in this place as a percentage of non-inter-level travel turns spent in this place.
 E = Turns spent auto-exploring this place as a percentage of non-inter-level travel turns spent in this place.
 F = Non-inter-level travel turns spent in this place divided by the number of levels of this place that you've seen.
                   A       B       C       D       E      F
               +-------+-------+-------+-------+-------+----------------------
         Total | 100.0 | 100.0 |   0.3 |   3.5 |   5.9 | 424.2
       Dungeon |  93.0 |  93.0 |   0.3 |   3.0 |   6.1 | 502.0
        Temple |   0.3 |   0.3 |   0.0 |   0.0 |   0.0 |  20.0
         Sewer |   1.6 |   1.6 |   0.0 |   6.3 |   8.4 |  95.0
      Ice Cave |   5.1 |   5.1 |   0.0 |  12.9 |   2.6 | 302.0
               +-------+-------+-------+-------+-------+----------------------


   Skills:
 + Level 7.6 Fighting
 * Level 15.2 Maces & Flails
 + Level 7.9 Throwing
 + Level 4.3 Armour
 + Level 5.2 Dodging
 - Level 0.7 Stealth
 * Level 7.2 Evocations


You had 4 spell levels left.
You knew the following spells:

 Your Spells              Type           Power        Failure   Level  Hunger
a - Condensation Shield   Ice            #.........   100%        4    #####..
b - Swiftness             Chrm/Air       #.......     47%         2    ###....


Dungeon Overview and Level Annotations

Branches:
Dungeon (11/15)            Temple (1/1) D:6            Lair (0/8) D:9
    Orc (0/4) D:10

Altars:
Ashenzari
Cheibriados
Dithmenos
Elyvilon
Fedhas
Gozag
Kikubaaqudgha
Makhleb
Nemelex Xobeh
Okawaru
Qazlal
Ru
Sif Muna
Xom
Yredelemnul
Zin
The Shining One

Shops:
D:5 }%%   D:6 (   D:7 *!([


Innate Abilities, Weirdness & Mutations

You are too large for most types of armour.
You have tough skin (AC +1).
You possess an exceptional clarity of mind.


Message History

You are too injured to fight recklessly!
You are too injured to fight recklessly!
You are too injured to fight recklessly!
You are too injured to fight recklessly!
You are too injured to fight recklessly!
You are too injured to fight recklessly!
You are too injured to fight recklessly!
You are too injured to fight recklessly!
You are too injured to fight recklessly!
You are too injured to fight recklessly!
Throwing (i - inventory. (,) - cycle):
B - 14 large rocks (quivered)
Press: ? - help, Shift-Dir - straight line, f - death yak
Aim: a death yak (lightly wounded)
You throw a large rock. The large rock hits the death yak!
The death yak is moderately wounded.
The death yak gores you!!
Throwing (i - inventory. (,) - cycle):
B - 13 large rocks (quivered)
Press: ? - help, Shift-Dir - straight line, f/p - death yak
Aim: a death yak (moderately wounded)
You throw a large rock. The large rock hits the death yak.
The death yak is moderately wounded.
The death yak closely misses you.
Throwing (i - inventory. (,) - cycle):
B - 12 large rocks (quivered)
Press: ? - help, Shift-Dir - straight line, f/p - death yak
Aim: a death yak (moderately wounded)
You throw a large rock.
The large rock completely misses the death yak.
The death yak gores you!
Throwing (i - inventory. (,) - cycle):
B - 11 large rocks (quivered)
Press: ? - help, Shift-Dir - straight line, f/p - death yak
Aim: a death yak (moderately wounded)
You throw a large rock. The large rock hits the death yak!
The death yak is heavily wounded.
Throwing (i - inventory. (,) - cycle):
B - 10 large rocks (quivered)
Press: ? - help, Shift-Dir - straight line, f/p - death yak
Aim: a death yak (heavily wounded)
You throw a large rock. The large rock hits the death yak!
The death yak is heavily wounded.
The death yak gores you!
You die...

#....# #..##§§§##
##..## #∩..####..###§§#
##†.## ##..∩##..####.§#
###..##
#####.(...#..#####..###
##.#...#####...##
########†###..#
#....#....##
###Y#####..##
#..#@.....##
###(.##.#### ##.(.#####
#..### ##..### ##...#
##Y#.# ##. .. .. ##


You could see a death yak.

Table legend:
 A = Kills in this place as a percentage of kills in entire the game.
 B = Kills by you in this place as a percentage of kills by you in the entire game.
 C = Kills by friends in this place as a percentage of kills by friends in the entire game.
 D = Other kills in this place as a percentage of other kills in the entire game.
 E = Experience gained in this place as a percentage of experience gained in the entire game.
 F = Experience gained in this place divided by the number of levels of this place that you have seen.
                   A       B       C       D       E      F
               +-------+-------+-------+-------+-------+----------------------
         Total | 100.0 | 100.0 |  -nan | 100.0 | 100.0 | 1187.2
       Dungeon |  93.8 |  94.0 |  -nan |   0.0 |  69.5 | 1050.4
         Sewer |   1.3 |   1.3 |  -nan |   0.0 |   1.0 | 168.0
      Ice Cave |   4.9 |   4.7 |  -nan | 100.0 |  29.5 | 4899.0
               +-------+-------+-------+-------+-------+----------------------

Vanquished Creatures
  2 death yaks (IceCv)
  2 hill giants (D:10)
  A cyclops (D:11)
  An ugly thing (D:11)
  Psyche (D:10)
  A troll (D:10)
  A two-headed ogre (D:11)
  3 polar bears (IceCv)
  A trapdoor spider (D:10)
  5 yaks (IceCv)
  9 wolves (IceCv)
  A water moccasin (D:8)
  4 orc warriors (D:10)
  3 sky beasts
  Purgy (Sewer)
  2 necrophages
  2 black bears
  An ice beast (D:6)
  A centaur (D:7)
  2 ogres
  A phantom (D:9)
  2 big kobolds
  8 giant frogs
  A wyvern zombie (D:10)
  2 scorpions
  8 wights
  8 killer bees
  4 goliath beetles
  6 crimson imps
  6 orc priests
  A giant frog zombie (D:6)
  3 hounds
  3 jellies (D:9)
  A gnoll shaman (D:9)
  2 centaur skeletons
  3 giant frog skeletons
  7 iguanas
  15 orc wizards
  9 worker ants
  A killer bee zombie (D:3)
  3 sheep (D:11)
  Ijyb (D:3)
  Jessica (D:2)
  A hound zombie (D:9)
  3 hound skeletons
  Robin (D:2)
  9 gnolls
  9 adders
  3 giant mites
  A shadow imp (D:5)
  12 white imps (D:11)
  7 worms
  An adder zombie (D:5)
  7 giant geckos
  5 oozes (D:9)
  54 orcs
  A ball python (D:2)
  14 bats
  2 bat skeletons
  23 goblins
  20 hobgoblins
  15 jackals
  19 kobolds
  3 quokkas
  6 giant cockroaches
  2 giant gecko skeletons (D:4)
  4 giant newts
  2 quokka skeletons
  21 rats
  A ballistomycete (D:8)
386 creatures vanquished.

Vanquished Creatures (others)
  A wolf (IceCv)
  A black bear (D:10)
  2 wights (D:10)
  A crimson imp (D:8)
  A giant spore (D:8)
  4 toadstools (D:1)
10 creatures vanquished.

Grand Total: 396 creatures vanquished

Action                   |  1- 3 |  4- 6 |  7- 9 | 10-12 || total
-------------------------+-------+-------+-------+-------++-------
Melee: Short sword       |    18 |       |       |       ||    18
       Whip              |   113 |   490 |   731 |       ||  1334
       Morningstar       |       |       |   162 |   383 ||   545
Throw: Large rock        |     5 |    14 |     6 |    26 ||    51
       Throwing net      |       |       |     2 |     1 ||     3
Invok: Heroism           |       |       |       |     1 ||     1
Evoke: Wand              |       |     1 |    14 |     7 ||    22
  Use: Potion            |       |     3 |    10 |     4 ||    17
       Scroll            |       |       |    21 |     3 ||    24
 Stab: Held in net/web   |       |       |    10 |     1 ||    11
       Sleeping          |       |       |     2 |     3 ||     5
       Distracted        |       |       |       |     1 ||     1
  Eat: Chunk             |     2 |    13 |    30 |    13 ||    58
       Royal jelly       |       |       |     1 |       ||     1

Vault maps used:
D:1:      ldierk_walled_garden_2
D:2:      yredelemnul_altar_generic, uniq_jessica, uniq_robin
D:3:      gammafunk_temple_overflow_forgotten, first_bread, uniq_iyjb
D:4:      kennysheep_the_goblin_king
D:5:      serial_bayou, serial_bayou_pond_c, serial_bayou_pond_c,
          serial_bayou_pond_d, serial_bayou_crossing, serial_shops,
          nicolae_shop_stone, nicolae_shop_competitors_out_of_business, shop
D:6:      makhleb_blood_cavern_becter, minmay_temple_entry_purple_smoke,
          portal_sewer_entry_e, serial_shops, kennysheep_mini
D:7:      serial_shops, shop, shop, shop, shop
D:8:      nicolae_overflow_hidden_temple, lemuel_doored_altar
D:9:      lair_0_dummy, hangedman_little_slice_of_home
D:10:     david_orc_4, uniq_psyche
D:11:     portal_ice_cave_entry_imps
Temple:   temple_eino_lava_12
Sewer:    kennysheep_door_sewer
IceCv:    ice_cave_caverns_03
